 Dungeon Crawl Stone Soup version 0.29-a0-717-g6dac4ea423 (webtiles) character file.

Game seed: 1802144533796272059

4 mandingueiro the Gusty (level 1, 10/10 HPs)
             Began as a Tengu Air Elementalist on June 26, 2022.
             Quit the game on level 1 of the Dungeon.
             The game lasted 00:01:04 (151 turns).

mandingueiro the Gusty (Tengu Air Elementalist)      Turns: 151, Time: 00:01:05

Health: 10/10      AC:  2    Str:  8    XL:     1   Next: 60%
Magic:  1/4        EV: 12    Int: 15    God:
Gold:   16         SH:  0    Dex: 14    Spells: 3/4 levels left

rFire   . . .      SeeInvis .   c - +0 club
rCold   . . .      Faith    .   (no shield)
rNeg    . . .      Spirit   .   a - +0 robe
rPois   .          Reflect  .   (helmet restricted)
rElec   .          Harm     .   (no cloak)
rCorr   .          Rampage  .   (no gloves)
Will    .....                   (boots unavailable)
Stlth   ++........              (no amulet)
HPRegen 0.03/turn               (no ring)
MPRegen 0.09/turn               (no ring)

@: no status effects
A: beak, talons 3
a: no special abilities


You were on level 1 of the Dungeon.
You visited 1 branch of the dungeon, and saw 1 of its levels.

You collected 16 gold pieces.

Inventory:

Hand Weapons
 c - a +0 club (weapon)
Armour
 a - a +0 robe (worn)
Potions
 b - a potion of magic
 d - a potion of mutation {unknown}


   Skills:
 + Level 0.0 Fighting
 * Level 2.2 Dodging
 + Level 2.0 Stealth
 * Level 2.0 Spellcasting
 * Level 1.5 Conjurations
 * Level 4.2 Air Magic


You had 3 spell levels left.
You knew the following spells:

 Your Spells              Type           Power      Damage    Failure   Level
a - Shock                 Conj/Air       40%        1d5       7%          1

Your spell library contained the following spells:

 Spells                   Type           Power      Damage    Failure   Level
 Static Discharge         Conj/Air       10%        N/A       11%         2
 Swiftness                Air            14%        N/A       12%         3
 Airstrike                Air            7%         N/A       36%         4


Dungeon Overview and Level Annotations

Branches:
Dungeon (1/15)

Altars:


Innate Abilities, Weirdness & Mutations

You have a beak for a mouth.
You have claws for feet.


Message History

Aiming: Shock (safe; 7% risk of failure)
Press: ? - help, Q - select action Shift-Dir - straight line, f - rat
Aim: a rat (asleep, 100% to hit)
The zap hits the rat.
The rat is severely wounded.
Unknown command.
Aiming: Shock (safe; 7% risk of failure)
Press: ? - help, Q - select action Shift-Dir - straight line, f/p - rat
Aim: a rat (severely wounded, 68% to hit)
The zap hits the rat.
You kill the rat!
Unknown command.
A ball python comes into view.
Aiming: Shock (safe; 7% risk of failure)
Press: ? - help, Q - select action Shift-Dir - straight line, f - ball python
Aim: a ball python (asleep, 100% to hit)
The zap hits the ball python.
You kill the ball python!
Unknown command.
An endoplasm comes into view.
Aiming: Shock (safe; 7% risk of failure)
Press: ? - help, Q - select action Shift-Dir - straight line, f - endoplasm
Aim: an endoplasm (asleep, 100% to hit)
The zap hits the endoplasm.
The endoplasm is heavily wounded.
The endoplasm quivers.
An endoplasm is nearby!
Aiming: Shock (safe; 7% risk of failure)
Press: ? - help, Q - select action Shift-Dir - straight line, f/p - endoplasm
Aim: an endoplasm (heavily wounded, 97% to hit)
The zap hits the endoplasm.
The endoplasm is severely wounded.
Unknown command.
Aiming: Shock (safe; 7% risk of failure)
Press: ? - help, Q - select action Shift-Dir - straight line, f/p - endoplasm
Aim: an endoplasm (severely wounded, 97% to hit)
The zap hits the endoplasm.
You kill the endoplasm!
Unknown command.
Are you sure you want to abandon this character and quit the game? (Confirm with "yes".)

.......<........#.#
..................#
................###
#####.....#####.#
#...#.....#...#.#
#.⌠.#.....#.⌠.#.#
#...#.....#...#.#
#####.....#####.########
.......@...........
#.#####.########### #.#
#.# #.. #.. #†. #...


There were no monsters in sight!

Vanquished Creatures
  An endoplasm (D:1)
  A goblin (D:1)
  A ball python (D:1)
  A rat (D:1)
4 creatures vanquished.

Notes
Turn   | Place    | Note
-------+----------+-------------------------------------------
     0 | D:1      | mandingueiro the Tengu Air Elementalist began the quest for
                  | the Orb.
     0 | D:1      | Reached XP level 1. HP: 10/10 MP: 4/4
   151 | D:1      | Quit the game

Illustrated notes

Levels and vault maps discovered:
D:1:      minmay_arrival_glassed_features, layout_basic, serial_curves,
          eino_curves_03, eino_curves_03

Action                   || total
-------------------------++-------
 Cast: Shock             ||     7

Table legend: (Time is in decaauts)
 A = Elapsed time spent in this place.
 B = Non-inter-level travel time spent in this place.
 C = Inter-level travel time spent in this place.
 D = Time resting spent in this place.
 E = Time spent auto-exploring this place.
 F = Levels seen in this place.
 G = Mean time per level.
                   A        B        C        D        E       F      G
               +--------+--------+--------+--------+--------+-----+--------+
         Total |    150 |    150 |      0 |      0 |    135 |   1 |  150.0 |
       Dungeon |    150 |    150 |      0 |      0 |    135 |   1 |  150.0 |
               +--------+--------+--------+--------+--------+-----+--------+

Top non-repeatable levels by time:
     D:1: 150 daAuts
